 Dungeon Crawl Stone Soup version 0.29-a0-1023-g6ae1a4a2c7 (webtiles) character file.

Game seed: 7079924179530927437

128 nicolae the Sneak (level 5, -6/30 HPs)
             Began as a Kobold Brigand on Aug 11, 2022.
             Mangled by a gnoll
             ... wielding a +0 halberd
              (11 damage)
             ... on level 3 of the Dungeon.
             The game lasted 00:03:21 (2186 turns).

nicolae the Sneak (Kobold Brigand)                  Turns: 2186, Time: 00:03:21

Health: -6/30      AC:  0    Str:  8    XL:     5   Next: 34%
Magic:  5/5        EV: 14    Int: 13    God:
Gold:   145        SH:  0    Dex: 18    Spells: 4/4 levels left

rFire   . . .      SeeInvis .   (weapon currently unavailable)
rCold   . . .      Faith    .   (shield currently unavailable)
rNeg    . . .      Spirit   .   (body armour currently unavailable)
rPois   .          Reflect  .   (helmet currently unavailable)
rElec   .          Harm     .   (cloak currently unavailable)
rCorr   .          Rampage  .   (gloves currently unavailable)
Will    .....                   (boots currently unavailable)
Stlth   ++++......              (no amulet)
HPRegen 0.10/turn               (ring currently unavailable)
MPRegen 0.09/turn               (ring currently unavailable)

@: pig-form (expiring), very quick
A: fast, no casting, small, no large weapons, nightstalker 3
a: no special abilities


You were on level 3 of the Dungeon.
You were a filthy swine.
You visited 1 branch of the dungeon, and saw 3 of its levels.

You collected 145 gold pieces.

Inventory:

Hand Weapons
 a - a +2 dagger (melded)
Missiles
 d - 13 poisoned darts (quivered)
 e - 3 curare-tipped darts
Armour
 b - a +0 robe (melded)
 c - a +0 cloak (melded)
 k - a +0 pair of gloves (melded)
Scrolls
 i - a scroll of brand weapon {unknown}
 j - a scroll of enchant weapon {unknown}
 m - a scroll of noise {unknown}
 o - a scroll of teleportation {unknown}
Potions
 f - a potion of magic {unknown}
 g - a potion of brilliance
 l - a potion of berserk rage
 n - a potion of resistance {unknown}


   Skills:
 - Level 2.1 Fighting
 + Level 5.1 Short Blades
 + Level 4.2 Throwing
 - Level 1.2 Dodging
 - Level 5.3 Stealth


You had 4 spell levels left.
You didn't know any spells.
Your spell library was empty.

Dungeon Overview and Level Annotations

Branches:
Dungeon (3/15)

Altars:

Shops:
D:1 (


Innate Abilities, Weirdness & Mutations

You are a filthy swine.
You move quickly.
Your equipment is almost entirely melded.
You are incapable of wielding weapons or throwing items.
You cannot cast spells.
You are small and have problems with some larger weapons.
You are completely attuned to the shadows.


Message History

You hit the gnoll but do no damage.
The gnoll is lightly wounded.
The gnoll hits you with a +0 halberd!
You hit the gnoll but do no damage.
The gnoll is lightly wounded.
The gnoll barely misses you.
You hit the gnoll.
The gnoll is moderately wounded.
The gnoll barely misses you.
You aren't carrying any items that you can evoke.
The gnoll closely misses you.
The kobold is engulfed in poison gas.
The kobold is poisoned.
You kill the kobold!
Things that are here:
a +0 club; a gnoll corpse You hit the gnoll but do no damage.
The gnoll is moderately wounded.
The gnoll misses you.
You hit the gnoll.
The gnoll is moderately wounded.
The gnoll hits you with a +0 halberd.
You barely miss the gnoll.
The gnoll is moderately wounded.
The gnoll closely misses you.
You hit the gnoll but do no damage.
The gnoll is moderately wounded.
The gnoll closely misses you.
You barely miss the gnoll.
The gnoll is moderately wounded.
Your transformation is almost over.
The gnoll misses you.
You closely miss the gnoll.
The gnoll is moderately wounded.
You hear the rusting of a drain nearby.
The gnoll hits you with a +0 halberd!
* * * LOW HITPOINT WARNING * * *
You barely miss the gnoll.
The gnoll is moderately wounded.
The gnoll hits you with a +0 halberd!
You die...

#... #...###
#..... ##....#
...○#)#
#.....○gh##
#.....#)☼°#
#.....#.#.##
###.....#○..○#
#.....[....#.#
#.#)....#†...#
#.....#)#..#
.....###†#..##
...#.# #.#...#


You could see a gnoll.

Vanquished Creatures
  2 gnolls (D:3)
  4 adders
  3 worms (D:2)
  An orc (D:3)
  3 ball pythons
  3 bats
  5 endoplasms
  6 giant cockroaches
  8 goblins
  2 hobgoblins
  6 jackals
  3 quokkas
  A frilled lizard (D:2)
  6 kobolds
  3 rats
56 creatures vanquished.

Vanquished Creatures (others)
  3 toadstools (D:1)
3 creatures vanquished.

Grand Total: 59 creatures vanquished

Notes
Turn   | Place    | Note
-------+----------+-------------------------------------------
     0 | D:1      | nicolae the Kobold Brigand began the quest for the Orb.
     0 | D:1      | Reached XP level 1. HP: 12/12 MP: 1/1
    94 | D:1      | Reached XP level 2. HP: 16/17 MP: 2/2
   532 | D:1      | Found a faded altar of an unknown god.
   615 | D:1      | Found Fareowk's Antique Weapon Shoppe.
   930 | D:1      | Reached XP level 3. HP: 17/21 MP: 3/3
  1566 | D:2      | Reached XP level 4. HP: 26/26 MP: 4/4
  2006 | D:3      | Reached XP level 5. HP: 16/30 MP: 5/5
  2171 | D:3      | Reached skill level 5 in Short Blades
  2186 | D:3      | Mangled by a gnoll

Illustrated notes

Levels and vault maps discovered:
D:1:      scummos_arrival_star, layout_basic, serial_shops, shop,
          shapermc_ecumenical_altar_ellora, minmay_gold_behind_fungi,
          minmay_misc_feat_more_columns
D:2:      layout_loops_cross
D:3:      layout_basic, gup_sewer_entry_bubbles, uniq_robin,
          uniq_crazy_yiuf_cottage

Skill      XL: |  1  2  3  4  5 |
---------------+----------------+-----
Short Blades   | 3 4 5 |  5.1
Throwing       | 3 4 |  4.2
Fighting       | |  2.1
Dodging        | |  1.2
Stealth        | |  5.3

Action                   |  1- 3 |  4- 6 || total
-------------------------+-------+-------++-------
Melee: Dagger            |    82 |    68 ||   150
       Punch             |     1 |       ||     1
       Unarmed           |       |    12 ||    12
  Use: Scroll            |       |     4 ||     4
 Stab: Sleeping          |    15 |    10 ||    25
       Distracted        |       |     2 ||     2
Armor: Robe              |     9 |     8 ||    17
Dodge: Dodged            |    53 |    43 ||    96

Table legend: (Time is in decaauts)
 A = Elapsed time spent in this place.
 B = Non-inter-level travel time spent in this place.
 C = Inter-level travel time spent in this place.
 D = Time resting spent in this place.
 E = Time spent auto-exploring this place.
 F = Levels seen in this place.
 G = Mean time per level.
                   A        B        C        D        E       F      G
               +--------+--------+--------+--------+--------+-----+--------+
         Total |   2153 |   2092 |     61 |     15 |   1732 |   3 |  717.7 |
       Dungeon |   2153 |   2092 |     61 |     15 |   1732 |   3 |  717.7 |
               +--------+--------+--------+--------+--------+-----+--------+

Top non-repeatable levels by time:
     D:1: 1094 daAuts
     D:2: 803 daAuts
     D:3: 254 daAuts
